 Dungeon Crawl Stone Soup version 0.18.1-6-gd335043 (webtiles) character file.

126 Leszczynek the Sneak (level 4, 19/19 HPs)
             Began as a Felid Warper on May 17, 2016.
             Quit the game in a sewer.
             The game lasted 00:12:41 (4891 turns).

Leszczynek the Sneak (Felid Warper)                 Turns: 4891, Time: 00:12:41

Health: 19/19      AC:  1    Str: 10    XL:     4   Next: 83%
Magic:  8/8        EV: 19    Int: 14    God:
Gold:   138        SH:  0    Dex: 16    Spells: 3 memorised, 2 levels left
                                        Lives:  0   Deaths: 1

rFire  . . .     SeeInvis +       - Unarmed
rCold  + . .     Gourm    .     (armour unavailable)
rNeg   . . .     Faith    .     (shield unavailable)
rPois  +         Spirit   .     (helmet unavailable)
rElec  .         Dismiss  .     (cloak unavailable)
rCorr  +         Reflect  .     (gloves unavailable)
SustAt .         Harm     .     (boots unavailable)
MR     .....                    (no amulet)
Stlth  ++++......               p - ring of resist corrosion
                                r - ring of protection from cold

@: quick, not resistant to hostile enchantments, stealthy
A: no armour, no weapons or thrown items, claws 1, fangs 3, see invisible,
carnivore 3, speed 1, poison resistance, shaggy fur 1, slow metabolism 1, strong
1, sharp paws
a: no special abilities


You were in a sewer.
You were very full.

You visited 1 branch of the dungeon, and saw 4 of its levels.
You also visited: Sewer.

You collected 138 gold pieces.

Inventory:

Jewellery
 m - an uncursed ring of sustain attributes
 p - a ring of resist corrosion (right paw)
 r - a ring of protection from cold (left paw)
Wands
 u - a wand of acid (12/15)
Scrolls
 b - 2 scrolls of blinking
 g - a scroll of remove curse
 j - 4 scrolls of magic mapping
 l - a scroll of teleportation
 q - a scroll of recharging
Potions
 e - 2 potions of might
 i - a potion of magic
 t - a potion of brilliance {unknown}
Books
 a - a book of Spatial Translocations

   Spells                             Type                      Level
   a - Apportation                    Translocation                1
   b - Blink                          Translocation                2
   c - Shroud of Golubria             Charms/Translocation         2
   d - Portal Projectile              Translocation                3
   e - Teleport Other                 Translocation                3
   f - Passage of Golubria            Translocation                4
Comestibles
 c - 2 meat rations
 d - 3 chunks of flesh
 k - a slice of pizza


   Skills:
 - Level 2.0 Fighting
 + Level 4.3 Dodging
 - Level 5.2 Stealth
 * Level 4.2 Unarmed Combat
 - Level 2.0 Spellcasting
 - Level 4.4 Translocations


You had 2 spell levels left.
You knew the following spells:

 Your Spells              Type           Power        Failure   Level  Hunger
a - Apportation           Tloc           ##........   4%          1    ##.....
b - Shroud of Golubria    Chrm/Tloc      #.........   17%         2    ###....
c - Blink                 Tloc           N/A          10%         2    ###....


Dungeon Overview and Level Annotations

Branches:
Dungeon (4/15)
 Temple: D:4-7

Altars:
Ru
Sif Muna

Shops:
D:4 (

Annotations:
D:2 Robin
D:3 exclusions: adder and goblin, Terence


Innate Abilities, Weirdness & Mutations

You cannot wear armour.
You are incapable of wielding weapons or throwing items.
You have sharp claws.
You have razor-sharp teeth.
You have supernaturally acute eyesight.
You are carnivorous and can eat meat at any time.
You cover ground quickly.
You are covered in fur (AC +1).
You have a slow metabolism.
Your sharp claws are effective at attacking unaware monsters.
Your system is resistant to poisons.
Your muscles are strong. (Str +2)


Message History

d - 8 chunks of flesh (gained 2)
You see here the felid skeleton of Leszczynek.
You start waiting.
Eating one of 8 chunks of flesh.
This raw flesh tastes great.
You continue eating. x2
Eating one of 7 chunks of flesh.
This raw flesh tastes great.
You continue eating. x2
Eating one of 6 chunks of flesh.
This raw flesh tastes great.
You continue eating. x2
Eating one of 5 chunks of flesh.
This raw flesh tastes great.
You continue eating. x2
Eating one of 4 chunks of flesh.
This raw flesh tastes great.
You continue eating. x2
An adder comes into view.
You see here the felid skeleton of Leszczynek.
A rat and 3 river rats come into view.
The river rat completely misses you.
You scratch the river rat but do no damage.
The river rat barely misses you.
Are you sure you want to abandon this character and quit the game? (Confirm with "yes".)

#......≈≈≈≈≈..###..#
#......≈≈≈≈≈...#...#
##.....≈≈≈≈.......#
##.....≈≈≈≈≈......#
#.......≈≈≈≈.....#
........≈≈≈......#
.#.......≈≈......#
###.....≈≈≈≈.....##
###......≈≈.....@.#
##.....≈≈≈≈..÷##r.r#
##......≈≈≈..###..r#
#......≈≈≈≈.≈# .rr##
#.....≈≈≈≈≈≈≈.#..r#
......≈≈≈≈≈≈.....##
......≈≈≈≈≈≈≈....#
.....≈.≈≈≈≈≈.....#
#....≈≈≈≈≈≈≈≈.....


You could see 4 river rats and 2 rats.

Vanquished Creatures
  An orc wizard (D:4)
  Ijyb (D:2)
  5 adders
  2 river rats (Sewer)
  An ooze (D:1)
  A worm (D:3)
  2 dart slugs (D:1)
  6 giant geckos
  5 orcs (D:3)
  8 bats
  8 giant cockroaches
  14 goblins
  12 hobgoblins
  4 jackals
  13 kobolds
  A ball python (Sewer)
  6 giant newts
  13 rats
103 creatures vanquished.

Notes
Turn   | Place    | Note
--------------------------------------------------------------
     0 | D:1      | Leszczynek the Felid Warper began the quest for the Orb.
     0 | D:1      | Reached XP level 1. HP: 9/9 MP: 4/4
    62 | D:1      | Reached skill level 1 in Stealth
   244 | D:1      | Reached skill level 2 in Stealth
   427 | D:1      | Reached XP level 2. HP: 5/13 MP: 6/6
   436 | D:1      | Learned a level 2 spell: Shroud of Golubria
   439 | D:1      | Learned a level 2 spell: Blink
   697 | D:1      | Reached skill level 3 in Stealth
  1192 | D:1      | Reached skill level 4 in Stealth
  1313 | D:1      | Reached XP level 3. HP: 16/16 MP: 4/7
  1814 | D:2      | Noticed Ijyb
  1904 | D:2      | Reached skill level 5 in Stealth
  1904 | D:2      | Reached XP level 4. HP: 11/19 MP: 5/8
  2047 | D:2      | Noticed Robin
  2248 | D:2      | Found a sacrificial altar of Ru.
  2814 | D:2      | Killed Ijyb
  2814 | D:2      | Reached skill level 3 in Unarmed Combat
  3143 | D:3      | Found a deep blue altar of Sif Muna.
  3244 | D:3      | Noticed Terence
  3285 | D:3      | Reached XP level 5. HP: 20/22 MP: 9/9
  3833 | D:2      | Gained mutation: Your system is resistant to poisons. [potion of mutation]
  3833 | D:2      | Gained mutation: You are weak. (Str -2) [potion of mutation]
  3833 | D:2      | Lost mutation: You are weak. (Str -2) [potion of mutation]
  3834 | D:2      | Gained mutation: Your muscles are strong. (Str +2) [potion of mutation]
  3948 | D:4      | Found Peonibef's Weapon Shop.
  4232 | D:4      | Found a glowing drain.
  4266 | D:4      | Reached skill level 4 in Dodging
  4344 | Sewer    | Entered a sewer
  4514 | Sewer    | Reached skill level 4 in Unarmed Combat
  4844 | Sewer    | HP: 2/22 [rat (2)]
  4844 | Sewer    | Slain by a rat
  4845 | Sewer    | Reached XP level 4. HP: 0/19 MP: 7/8
  4891 | Sewer    | Quit the game

Skill      XL: |  1  2  3  4  5 |
---------------+----------------+-----
Stealth        | 2 4 5 |  5.2
Unarmed Combat | 3 4 |  4.2
Dodging        | 4 |  4.3
Fighting       | |  2.0
Spellcasting   | |  2.0
Translocations | |  4.4

Action                   |  1- 3 |  4- 6 || total
-------------------------+-------+-------++-------
Melee: Unarmed           |   134 |   179 ||   313
       Bite              |     4 |    14 ||    18
       Punch             |     1 |     3 ||     4
 Cast: Shroud of Golubri |     9 |    16 ||    25
  Use: Scroll            |       |    11 ||    11
       Potion            |       |     3 ||     3
 Stab: Sleeping          |     7 |    10 ||    17
       Distracted        |     1 |       ||     1
  Eat: Chunk             |    10 |    12 ||    22
Armor: Skin              |     2 |    10 ||    12
Dodge: Dodged            |    99 |   164 ||   263
